 Dungeon Crawl Stone Soup version 0.30.1-3-gfc49f6343a (webtiles) character file.

Game seed: 2732723657872849378

107 monsoonserge the Chopper (level 4, 0/41 HPs)
             Began as a Minotaur Berserker on Aug 8, 2023.
             Was a Believer of Trog.
             Killed by divine providence
             ... invoked by an orc priest
              (12 damage)
             ... on level 3 of the Dungeon.
             The game lasted 00:05:26 (2104 turns).

monsoonserge the Chopper (Minotaur Berserker)       Turns: 2104, Time: 00:05:28

Health: 0/41       AC:  3    Str: 24    XL:     4   Next: 57%
Magic:  3/3        EV: 12    Int:  4    God:    Trog [**....]
Gold:   76         SH:  0    Dex:  9    Spells: 3/3 levels left

rFire   . . .        b - +0 arbalest
rCold   . . .        (shield currently unavailable)
rNeg    . . .        m - +0 animal skin
rPois   .            (helmet restricted)
rElec   .            c - +0 cloak
rCorr   .            (no gloves)
SInv    .            (no boots)
Will    .....        (no amulet)
Stlth   +            (no ring)
HPRegen 0.26/turn    (no ring)
MPRegen 0.08/turn

%: no passive effects
@: no status effects
A: horns 2, retaliatory headbutt
a: Renounce Religion, Berserk, Trog's Hand


You were on level 3 of the Dungeon.
You worshipped Trog.
Trog was pleased with you.
You visited 1 branch of the dungeon, and saw 3 of its levels.

You collected 76 gold pieces.

Inventory:

Hand Weapons
 a - a +0 flail
 b - a +0 arbalest (weapon)
Missiles
 g - 9 boomerangs
 h - 6 javelins
 i - 8 poisoned darts
Armour
 c - a +0 cloak (worn)
 m - a +0 animal skin (worn)
Wands
 n - a wand of polymorph (6)
 r - a wand of flame (12)
Scrolls
 d - 2 scrolls of identify {unknown}
 f - a scroll of noise {unknown}
 j - a scroll of fear {unknown}
 k - a scroll of enchant armour {unknown}
 l - 3 scrolls of fog {unknown}
 o - a scroll of immolation
 p - a scroll of amnesia {unknown}
Potions
 e - a potion of cancellation {unknown}
 q - 2 potions of degeneration {unknown}


   Skills:
 + Level 4.6 Fighting
 + Level 5.2 Axes
 + Level 0.5 Ranged Weapons
 + Level 2.7 Armour
 + Level 2.7 Dodging


You had 3 spell levels left.
You didn't know any spells.
Your spell library contained the following spells:

 Spells                   Type           Power      Damage    Failure   Level
 Foxfire                  Conj/Fire      0%         2x1d4     50%         1
 Fireball                 Conj/Fire      0%         3d3       100%        5
 Plasma Beam              Fire/Air       0%         2x1d11    100%        6
 Starburst                Conj/Fire      0%         6d3       100%        6


Dungeon Overview and Level Annotations

Branches:
Dungeon (3/15)

Altars:
Ru

Shops:
D:1 [   D:2 (

Annotations:
D:3 1 transporter


Innate Abilities, Weirdness & Mutations

You have a pair of horns on your head.
You reflexively headbutt those who attack you in melee.


Message History

Fire: b) +0 arbalest
Press: ? - help, Q - select action, (/) - cycle Shift-Dir - straight line, f/p - shadow imp
Aim: a shadow imp (moderately wounded, 42% to hit)
You shoot a bolt. The bolt hits the shadow imp.
The shadow imp is heavily wounded.
The orc priest begins to cast a cantrip, but forgets the words!
The orc priest casts a cantrip, but nothing happens.
Fire: b) +0 arbalest
Press: ? - help, Q - select action, (/) - cycle Shift-Dir - straight line, f/p - shadow imp
Aim: a shadow imp (moderately wounded, 42% to hit)
You shoot a bolt. The bolt closely misses the shadow imp.
The orc priest looks braver for a moment.
Unknown command.
Fire: b) +0 arbalest
Press: ? - help, Q - select action, (/) - cycle Shift-Dir - straight line, f/p - shadow imp
Aim: a shadow imp (moderately wounded, 42% to hit)
You shoot a bolt. The bolt closely misses the shadow imp.
The orc priest looks encouraged for a moment.
The orc priest looks braver for a moment.
The orc priest invokes the aid of Beogh against you.
Beogh smites you!
Fire: b) +0 arbalest
Press: ? - help, Q - select action, (/) - cycle Shift-Dir - straight line, f/p - shadow imp
Aim: a shadow imp (moderately wounded, 42% to hit)
You shoot a bolt. The bolt barely misses the shadow imp.
The orc priest mumbles some strange prayers to Beogh against you.
Pain shoots through your body!
Fire: b) +0 arbalest
Press: ? - help, Q - select action, (/) - cycle Shift-Dir - straight line, f/p - shadow imp
Aim: a shadow imp (moderately wounded, 42% to hit)
You shoot a bolt. The bolt hits the shadow imp.
The shadow imp is heavily wounded.
The orc priest calls down the wrath of Beogh upon you.
Beogh smites you!
The orc priest mumbles some strange prayers to Beogh against you.
Pain shoots through your body!
* * * LOW HITPOINT WARNING * * *
The orc priest invokes the aid of Beogh against you.
Beogh smites you!
You die...

###.#.# #.>...# ###. #.....#
# #.#.#######...##.....# #
.##............).......# ..
..#)†###############... ...
.....#8~#......5#P8#.###.....
###..#P.#≈≈≈≈≈≈≈#.P#.....(...
##..#$.#..~~P..#..#..##.....
##..©#©/+..~♣~..@.©#©.......
#....#$.#..~~~..#..#..#.....
..#..#P.#≈≈≈≈≈≈≈#.~#.#..#...
.....#8P#.....oo#~8#.#..# #
####)###############....#..#
#..................[..<#
#.###.########......#### #.#
#... .........## ...
..........#.##.#


You could see 2 orc priests and a shadow imp.

Vanquished Creatures
  3 adders (D:2)
  2 shadow imps (D:3)
  2 dart slugs (D:1)
  An orc (D:3)
  6 ball pythons
  6 endoplasms
  3 giant cockroaches
  2 goblins
  5 hobgoblins
  7 jackals (D:2)
  5 quokkas (D:1)
  7 bats
  4 frilled lizards
  2 kobolds (D:1)
  3 rats
58 creatures vanquished.

Notes
Turn   | Place    | Note
-------+----------+-------------------------------------------
     0 | D:1      | monsoonserge the Minotaur Berserker began the quest for the
                  | Orb.
     0 | D:1      | Reached XP level 1. HP: 19/19 MP: 0/0
    55 | D:1      | Reached skill level 4 in Axes
    55 | D:1      | Reached XP level 2. HP: 20/27 MP: 1/1
   610 | D:1      | Found Taofoigo's Armour Shop.
   707 | D:1      | Reached XP level 3. HP: 33/33 MP: 2/2
   730 | D:1      | Reached ** piety under Trog
   952 | D:2      | Found Wesir's Antique Weapon Shoppe.
  1146 | D:2      | Found a sacrificial altar of Ru.
  1280 | D:2      | Reached skill level 5 in Axes
  1280 | D:2      | Reached XP level 4. HP: 36/41 MP: 3/3
  1361 | D:2      | Found a faded altar of an unknown god.
  1680 | D:3      | Found a transporter.
  1714 | D:3      | Found a transporter.
  1946 | D:3      | HP: 2/41 [orc priest/nerve-wracking pain (7)]
  2104 | D:3      | Killed from afar by an orc priest

Illustrated notes

Levels and vault maps discovered:
D:1:      ldierk_walled_garden, layout_basic, serial_shops, shop,
          skrybe_limestone_x
D:2:      layout_basic, basic_altar, hellmonk_ecumenical_altar_blasted,
          serial_shops, nicolae_shop_crystal
D:3:      gammafunk_wand_slinger, layout_rooms, trog_antimagical, serial_shops,
          nicolae_shop_statue_plus

Skill      XL: |  1  2  3 |
---------------+----------+-----
Axes           | 4 5 |  5.2
Fighting       | 4 |  4.6
Ranged Weapons | |  0.5
Armour         | |  2.7
Dodging        | |  2.7

Action                     |  1- 3 |  4- 6 || total
---------------------------+-------+-------++-------
  Melee: Hand axe          |    84 |     6 ||    90
         Headbutt          |     8 |     2 ||    10
         Punch             |     1 |       ||     1
   Fire: Arbalest          |     3 |    52 ||    55
 Armour: Animal skin       |    13 |     2 ||    15
  Dodge: Dodged            |    68 |     5 ||    73
